 Dungeon Crawl Stone Soup version 0.30.0-20-g3615ddf2f0 (webtiles) character file.

Game seed: 5291036612086409017

417 qw the Chopper (level 6, -1/39 HPs)
             Began as a Gargoyle Fighter on May 27, 2023.
             Was an Initiate of Okawaru.
             Slain by a scorpion (3 damage)
             ... on level 4 of the Dungeon.
             The game lasted 00:01:59 (4270 turns).

qw the Chopper (Gargoyle Fighter)                   Turns: 4270, Time: 00:01:59

Health: -1/39      AC: 15    Str: 22    XL:     6   Next: 92%
Magic:  6/6        EV:  8    Int:  8    God:    Okawaru [......]
Gold:   166        SH:  0    Dex:  9    Spells: 5/5 levels left

rFire   . . .        Y - +0 war axe (protect)
rCold   . . .        c - +0 buckler
rNeg    + + .        f - +0 chain mail
rPois   inf          h - +1 helmet
rElec   +            (no cloak)
rCorr   .            (no gloves)
SInv    .            (no boots)
Will    .....        (no amulet) Stlth
                     m - ring of positive energy
HPRegen 0.26/turn    (no ring)
MPRegen 0.10/turn

%: no passive effects
@: confused
A: sickness immunity, AC +4, negative energy resistance 1, electricity
resistance, torment resistance 1, petrification resistance
a: Renounce Religion


You were on level 4 of the Dungeon.
You worshipped Okawaru.
Okawaru was noncommittal.
You visited 2 branches of the dungeon, and saw 5 of its levels.

You collected 166 gold pieces.


Innate Abilities, Weirdness & Mutations

You are immune to sickness and miasma.
Your stone body is resilient. (AC +4)
You are immune to poison.
You resist negative energy. (rN+)
You are resistant to electric shocks. (rElec)
You are resistant to unholy torment.
You are immune to petrification.


   Skills:
 - Level 4.7 Fighting
 + Level 5.8 Axes
 - Level 3.2 Armour
 - Level 3.2 Shields


You had 5 spell levels left.
You didn't know any spells.
Your spell library was empty.

Inventory:

Hand Weapons
 i - a +0 flail
 Y - a +0 war axe of protection (weapon)
Armour
 c - a +0 buckler (worn)
 f - a +0 chain mail (worn)
 h - a +1 helmet (worn)
Jewellery
 g - a ring of fire
 m - a ring of positive energy (left hand)
Scrolls
 n - a scroll of identify
Potions
 a - a potion of mutation {unknown}
 d - 2 potions of might
 e - 2 potions of magic {unknown}
 j - a potion of lignification {unknown}
 k - a potion of curing {unknown}

Dungeon Overview and Level Annotations

Branches:
Dungeon (4/15)             Temple (1/1) D:4

Altars:
Ashenzari
Cheibriados
Elyvilon
Fedhas
Gozag
Kikubaaqudgha
Makhleb
Okawaru
Ru
Sif Muna
Trog
Uskayaw
Wu Jian
Xom
Yredelemnul
Zin
The Shining One

Annotations:
D:2 1 runed translucent door, Crazy Yiuf
D:4 Sigmund


Message History

Sigmund shouts!
A scorpion comes into view.
Sigmund gestures at you while chanting.
The magic dart hits you but does no damage.
You block Sigmund's attack. You block the scorpion's attack.
You closely miss Sigmund. You closely miss the scorpion.
Sigmund drinks a potion.
Sigmund seems to grow stronger.
The scorpion barely misses you. Sigmund completely misses you.
You hit Sigmund.
Your weapon exudes an aura of protection.
Sigmund is lightly wounded.
You hit the scorpion but do no damage. The scorpion barely misses you.
The scorpion stings you but does no damage.
You slash Sigmund!
Sigmund is heavily wounded.
You closely miss the scorpion.
Sigmund points at you and mumbles some strange words.
You are confused.
The scorpion stings you but does no damage.
Sigmund hits you with a +0 scythe.
The scorpion stings you but does no damage. x2
Sigmund hits you with a +0 scythe.
The scorpion stings you but does no damage.
The scorpion stings you but does no damage.
Sigmund closely misses you. The scorpion barely misses you.
The scorpion stings you. Sigmund casts a spell at you.
You are more confused.
The scorpion closely misses you. Sigmund hits you with a +0 scythe!
The scorpion stings you. The scorpion closely misses you.
Sigmund hits you with a +0 scythe! The scorpion stings you.
Sigmund closely misses you. The scorpion stings you.
The scorpion stings you but does no damage.
Sigmund barely misses you. The scorpion stings you.
You die...

,*#...###....##....#.......,,,,,,
,*#...######'#######.......,,,,,,
*##...#............#,,,,,,,,,,,,,
#....#............#,,,,,,,,,,,,,
#....#............#,,,,,,,******
#....'............#,,,,,,,*
#####.##...####....#,,,,,,,*
...<#.##...####+########*+**
....'...........@s......,,,*
....#............@......,,*******
....#...................,,**,,,,,
....#...^..##......##...,,*,,,,,,
....############+###*,..,,*,,,,,,
....# *,,,,,,,**,,.,,**,,,,,
....# *,,,,,,,**,,,,,**,,,,,
....# *,,,,,,,*,,,,,,**,,,,,
....# **,,,,,,**,,,,,******+


You could see Sigmund (strong) and a scorpion.

Vanquished Creatures
  Blork the orc (D:4)
  A scorpion (D:4)
  A gnoll bouda (D:4)
  Jessica (D:2)
  An orc wizard (D:4)
  Robin (D:2)
  5 gnolls
  4 adders
  An ufetubus (D:4)
  A worm (D:4)
  5 dart slugs
  9 orcs
  6 endoplasms
  3 giant cockroaches
  13 goblins
  8 hobgoblins
  6 jackals (D:1)
  9 kobolds
  3 quokkas
  5 ball pythons
  2 bats
  4 frilled lizards
  3 rats
93 creatures vanquished.

Notes
Turn   | Place    | Note
-------+----------+-------------------------------------------
     0 | D:1      | qw the Gargoyle Fighter began the quest for the Orb.
     0 | D:1      | Reached XP level 1. HP: 14/14 MP: 1/1
     0 | D:1      | 0 ||| qw: Version: 0.2-a-99-gce666ed
     0 | D:1      | 0 ||| qw: Game counter: 183
     0 | D:1      | 0 ||| qw: Always use a shield: true
     0 | D:1      | 0 ||| qw: God list: Okawaru
     0 | D:1      | 0 ||| qw: Allow faded altars: false
     0 | D:1      | 0 ||| qw: Do Orc after D:15 true
     0 | D:1      | 0 ||| qw: Do second Lair branch before Depths: true
     0 | D:1      | 0 ||| qw: Lair rune preference: random
     0 | D:1      | 0 ||| qw: Plans: Normal, Zot:1-4, God:TSO, Crypt, Tomb,
                  | Pan, Slime:5, Hells, Abyss, Win
     0 | D:1      | 0 ||| PLANNING D:1-11
    68 | D:1      | Reached skill level 2 in Axes
    74 | D:1      | Reached XP level 2. HP: 18/19 MP: 2/2
    85 | D:1      | 85 ||| Stepping ~*~*~tactically~*~*~ (stealth).
   132 | D:1      | 132 ||| Stepping ~*~*~tactically~*~*~ (stealth).
   133 | D:1      | 133 ||| Stepping ~*~*~tactically~*~*~ (stealth).
   134 | D:1      | 134 ||| Stepping ~*~*~tactically~*~*~ (stealth).
   176 | D:1      | Noticed an eye of devastation
   182 | D:1      | Noticed a shining eye
   185 | D:1      | Found a faded altar of an unknown god.
   308 | D:1      | 308 ||| Stepping ~*~*~tactically~*~*~ (hiding).
   316 | D:1      | Reached skill level 3 in Axes
   513 | D:1      | Reached XP level 3. HP: 23/23 MP: 3/3
   513 | D:1      | 513 ||| Stepping ~*~*~tactically~*~*~ (stealth).
   618 | D:1      | 618 ||| Stepping ~*~*~tactically~*~*~ (stealth).
   619 | D:1      | 619 ||| Stepping ~*~*~tactically~*~*~ (stealth).
   888 | D:1      | Noticed an eye of devastation
   892 | D:1      | Noticed a shining eye
  1072 | D:1      | 1072 ||| READING scroll labelled CORHAM XIARR.
  1073 | D:1      | 1073 ||| READING 2 scrolls labelled IFFUBB RARRYME.
  1219 | D:2      | Noticed Robin
  1228 | D:2      | Killed Robin
  1229 | D:2      | Reached XP level 4. HP: 27/28 MP: 4/4
  1245 | D:2      | Reached skill level 4 in Axes
  1401 | D:2      | 1401 ||| Stepping ~*~*~tactically~*~*~ (hiding).
  1514 | D:2      | 1514 ||| FLEEEEING.
  1515 | D:2      | 1515 ||| FLEEEEING.
  1516 | D:2      | 1516 ||| FLEEEEING.
  1517 | D:2      | 1517 ||| FLEEEEING.
  1518 | D:2      | 1518 ||| FLEEEEING.
  1519 | D:2      | 1519 ||| FLEEEEING.
  1520 | D:2      | 1520 ||| FLEEEEING.
  1521 | D:2      | 1521 ||| FLEEEEING.
  1522 | D:2      | 1522 ||| FLEEEEING.
  1652 | D:2      | Found a runed translucent door.
  1653 | D:2      | Noticed Crazy Yiuf
  1656 | D:2      | 1656 ||| DROPPING +0 whip.
  1735 | D:2      | You fall into a shaft and drop 2 floors!
  1742 | D:4      | Found a staircase to the Ecumenical Temple.
  1743 | D:4      | 1743 ||| PLANNING TEMPLE
  1743 | D:4      | 1743 ||| UPGRADING to +0 chain mail.
  1753 | D:4      | 1753 ||| DROPPING +0 scale mail.
  1754 | D:4      | 1754 ||| UPGRADING to +0 helmet.
  1759 | D:4      | 1759 ||| READING scroll of enchant armour.
  1759 | D:4      | 1759 ||| ENCHANTING +0 helmet.
  1760 | D:4      | 1760 ||| READING scroll labelled LINETIFUMA.
  1761 | D:4      | 1761 ||| READING scroll labelled GIMOKO BEVIA.
  1776 | Temple   | Entered the Ecumenical Temple
  1777 | Temple   | 1777 ||| PLANNING OKAWARU WORSHIP
  1952 | Temple   | Became a worshipper of Warmaster Okawaru
  1952 | Temple   | 1952 ||| PLANNING D:1-11
  2163 | D:3      | Reached XP level 5. HP: 32/32 MP: 5/5
  2165 | D:3      | 2165 ||| READING scroll labelled KUSEROO MIMIU.
  2175 | D:2      | Noticed Jessica
  2182 | D:2      | Killed Jessica
  2972 | D:3      | Reached skill level 5 in Axes
  3003 | D:3      | 3003 ||| Stepping ~*~*~tactically~*~*~ (stealth).
  3005 | D:3      | 3005 ||| Stepping ~*~*~tactically~*~*~ (stealth).
  3039 | D:3      | 3039 ||| DROPPING +0 hammer of holy wrath.
  3219 | D:3      | 3219 ||| FLEEEEING.
  3220 | D:3      | 3220 ||| FLEEEEING.
  3232 | D:3      | 3232 ||| Stepping ~*~*~tactically~*~*~ (hiding).
  3426 | D:3      | Identified the +10 battleaxe "Amnast Tyni" {heavy, rN+
                  | Str+6}
  3540 | D:3      | Found a glowing golden altar of the Shining One.
  3717 | D:3      | 3717 ||| Stepping ~*~*~tactically~*~*~ (stealth).
  3718 | D:3      | 3718 ||| Stepping ~*~*~tactically~*~*~ (stealth).
  3827 | D:3      | 3827 ||| UPGRADING to ring of positive energy.
  3828 | D:3      | 3828 ||| READING scroll labelled GERUDEMAMIM.
  3829 | D:3      | 3829 ||| READING scroll labelled KAYPTU RIHUL.
  3830 | D:3      | 3830 ||| DRINKING 2 glowing inky potions.
  3871 | D:4      | Noticed Blork the orc
  3872 | D:4      | 3872 ||| Stepping ~*~*~tactically~*~*~ (hiding).
  3886 | D:4      | Killed Blork the orc
  3887 | D:4      | Reached XP level 6. HP: 36/39 MP: 6/6
  3926 | D:4      | 3926 ||| Stepping ~*~*~tactically~*~*~ (hiding).
  3930 | D:4      | Reached * piety under Okawaru
  3931 | D:4      | 3931 ||| INVOKING Heroism.
  3945 | D:4      | HP: 9/39 [gnoll/+0 spear[a gnoll bouda] (4)]
  3946 | D:4      | 3946 ||| DRINKING potion of heal wounds.
  4110 | D:4      | 4110 ||| INVOKING Heroism.
  4252 | D:4      | Noticed Sigmund
  4266 | D:4      | HP: 9/39 [Sigmund/+0 scythe (8)]
  4268 | D:4      | HP: 1/39 [scorpion (6)]
  4270 | D:4      | Slain by a scorpion

Levels and vault maps discovered:
D:1:      onia_arrival_mini_maze_b, layout_basic,
          hellmonk_ecumenical_altar_watching_god, nicolae_figureground_pulse
D:2:      layout_basic, uniq_crazy_yiuf_cottage, uniq_jessica, uniq_robin
D:3:      layout_basic, tso_oasis_becter
D:4:      layout_gridville, minmay_temple_entry_drinking_statues,
          uniq_blork_the_orc, uniq_sigmund
Temple:   nicolae_temple_bog_church

Skill      XL: |  1  2  3  4  5 |
---------------+----------------+-----
Axes           | 2 3 4 5 |  5.8
Fighting       | 4 |  4.7
Armour         | |  3.2
Shields        | |  3.2

Action                     |  1- 3 |  4- 6 || total
---------------------------+-------+-------++-------
  Melee: War axe           |    69 |   217 ||   286
 Invoke: Heroism           |       |     2 ||     2
    Use: Scroll            |     2 |     6 ||     8
         Potion            |       |     2 ||     2
 Armour: Scale mail        |    40 |    28 ||    68
         Chain mail        |       |   107 ||   107
  Dodge: Dodged            |    31 |    91 ||   122
  Block: Buckler           |    16 |    30 ||    46

Table legend:
 A = Non-vault XP
 B = Vault XP
 C = Vault XP percentage of total XP
 D = Non-vault monster count
 E = Vault monster count
 F = Vault count percentage of total count
                 A         B        C        D         E       F
            +---------+---------+-------+---------+---------+-------
      Total |     428 |     168 |  28.2 |      80 |      13 |  14.0
            +---------+---------+-------+---------+---------+-------
        D:1 |      69 |       0 |   0.0 |      25 |       0 |   0.0
        D:2 |      33 |      72 |  68.6 |      17 |      12 |  41.4
        D:3 |      91 |       0 |   0.0 |      26 |       0 |   0.0
        D:4 |     235 |      96 |  29.0 |      12 |       1 |   7.7
            +---------+---------+-------+---------+---------+-------
